 Dungeon Crawl Stone Soup version 0.25-a0-365-g7600c65 (webtiles) character file.

Game seed: 9113461616613632379, levelgen mode: deterministic

6720 Birdy the Covert (level 11, -1/58 HPs)
             Began as a Vine Stalker Assassin on Jan 5, 2020.
             Was a Priest of Wu Jian.
             Succumbed to a killer bee's poison
             ... on level 9 of the Dungeon.
             The game lasted 00:16:09 (7720 turns).

Birdy the Covert (Vine Stalker Assassin)            Turns: 7720, Time: 00:16:09

Health: -1/58      AC:  7    Str: 15    XL:     11   Next: 4%
Magic:  4/22       EV: 15    Int: 11    God:    Wu Jian [***...]
Gold:   455        SH:  0    Dex: 18    Spells: 23/23 levels left

rFire    . . .     SeeInvis .   m - +3 short sword (drain)
rCold    . . .     Gourm    .   (no shield)
rNeg     + . .     Faith    .   o - +0 leather armour
rPois    .         Spirit   +   (helmet restricted)
rElec    .         Reflect  .   c - +2 cloak
rCorr    .         Harm     .   p - +2 pair of gloves
MR       +....                  (no boots)
Stlth    +++++.....             (no amulet)
HPRegen  0.59/turn              n - ring of positive energy
MPRegen  0.18/turn              r - -2 ring of protection (curse)

@: lethally poisoned (-1 -> -13), very slightly contaminated
A: antennae 1, fangs 3, sense surroundings 1, regeneration 1, magic shield,
antimagic bite, no potion heal 3, rot immunity
a: Wall Jump, Serpent's Lash, Renounce Religion


You were on level 9 of the Dungeon.
You worshipped Wu Jian.
Wu Jian was most pleased with you.
You were very hungry.

You visited 2 branches of the dungeon, and saw 10 of its levels.

You collected 455 gold pieces.

Inventory:

Hand Weapons
 m - a +3 short sword of draining (weapon)
Missiles
 d - 8 poisoned darts
 e - a curare-tipped dart (quivered)
Armour
 c - a +2 cloak (worn)
 o - a +0 leather armour (worn)
 p - a +2 pair of gloves (worn)
Jewellery
 n - a ring of positive energy (left hand)
 r - a cursed -2 ring of protection (right hand)
 B - a cursed -3 ring of evasion {unknown}
Wands
 v - a wand of disintegration (28)
 x - a wand of paralysis (1)
 z - a wand of polymorph (3)
Scrolls
 b - a scroll of teleportation
 h - a scroll of magic mapping
 q - 2 scrolls of enchant armour
 t - a scroll of fog
 u - a scroll of holy word {unknown}
 w - 2 scrolls of silence
 y - a scroll of noise {unknown}
 A - 2 scrolls of enchant weapon
Potions
 a - a potion of heal wounds
 g - a potion of agility
 j - 2 potions of flight
 k - a potion of brilliance
 l - a potion of haste {unknown}
 s - a potion of ambrosia
 C - a potion of lignification {unknown}
Comestibles
 f - 13 rations


   Skills:
 + Level 7.0 Fighting
 - Level 2.0 Short Blades
 - Level 1.7 Throwing
 - Level 4.0 Armour
 + Level 5.7 Dodging
 * Level 13.1 Stealth
 + Level 6.8 Spellcasting


You had 23 spell levels left.
You didn't know any spells.
Your spell library contained the following spells:

 Spells                   Type           Power        Failure   Level  Hunger
 Beastly Appendage        Tmut           #.....       22%         1    None
 Magic Dart               Conj           #...         22%         1    None
 Searing Ray              Conj           #.....       32%         2    ##.....
 Sticks to Snakes         Tmut           #.......     32%         2    ##.....
 Dazzling Flash           Conj/Hex       #.....       54%         3    ###....
 Spider Form              Tmut/Pois      #.........   54%         3    ###....
 Fulminant Prism          Conj/Hex       #.........   91%         4    ####...
 Ice Form                 Ice/Tmut       #.......     91%         4    ####...
 Iskenderun's Mystic Bla  Conj/Tloc      #.......     91%         4    ####...
 Blade Hands              Tmut           #.........   99%         5    ######.


Dungeon Overview and Level Annotations

Branches:
Dungeon (9/15)             Temple (1/1) D:5            Lair (0/6) D:9
    Orc: D:9-12

Altars:
Ashenzari
Fedhas
Gozag
Hepliaklqana
Kikubaaqudgha
Makhleb
Nemelex Xobeh
Qazlal
Ru
Sif Muna
Trog
Uskayaw
Vehumet
Wu Jian
Xom
The Shining One
Lugonu

Shops:
D:5 [

Annotations:
D:9 exclusion: door


Innate Abilities, Weirdness & Mutations

You have razor-sharp teeth.
Your natural rate of healing is unusually fast.
When hurt, damage is shared between your health and your magic reserves.
Your bite disrupts and absorbs the magic of your enemies.
Potions cannot restore your health.
You are immune to rotting.
You have a pair of small antennae on your head.
You passively map a small area around you.


Message History

You feel sick. The killer bee closely misses you. The hornet zombie hits you!
* * * LOW HITPOINT WARNING * * *
The killer bee stings you!
* * * LOW HITPOINT WARNING * * *
The hornet zombie misses you. The bullfrog barely misses you.
You closely miss the killer bee. Your bite misses the killer bee.
The killer bee is lightly wounded.
* * * LOW HITPOINT WARNING * * *
You feel very sick. The killer bee misses you. The killer bee stings you.
* * * LOW HITPOINT WARNING * * *
The bullfrog hits you!
* * * LOW HITPOINT WARNING * * *
The hornet zombie closely misses you.
Okay, then.
Blink to where?
Press: ? - help, Dir - move target cursor You are very lightly contaminated with residual magic.
As you read the scroll of blinking, it crumbles to dust.
You die...

,,,#.)...........
#...#..ZF†........
#...#.[§y.........
#...#..#######..##
#........ ,,#..,,
#........, #..,,
#........ P.
#........, .P
#@...## * , #....#
, #....# , ,
#....# , , ,
#....# ######***
,, * ,


You could see a bullfrog, a killer bee and a hornet zombie.

Vanquished Creatures
  2 two-headed ogres (D:8)
  The ghost of krigyl the Ruffian, a novice TrHu of Wu Jian (D:5)
  A necromancer (D:9)
  2 hippogriffs (D:8)
  A spriggan (D:7)
  A wyvern (D:8)
  3 wargs
  Duvessa (D:5)
  2 sky beasts
  9 ogres
  4 centaurs
  A big kobold (D:7)
  2 bullfrogs
  Dowan (D:5)
  17 killer bees
  A lava snake (D:9)
  3 crimson imps
  2 bullfrog zombies
  3 hounds
  2 jellies
  2 orc priests
  A bullfrog skeleton (D:7)
  4 orc wizards
  Ijyb (D:5)
  3 iguanas
  A polar bear simulacrum (D:9)
  4 worker ants
  A killer bee zombie (D:8)
  A yak simulacrum (D:9)
  A hound zombie (D:7)
  6 adders
  3 gnolls (D:6)
  2 shadow imps
  An ooze (D:1)
  An adder zombie (D:6)
  2 adder skeletons
  3 worms
  2 dart slugs
  5 leopard geckos
  24 orcs
  9 bats
  A giant cockroach (D:2)
  5 goblins
  8 hobgoblins
  21 jackals
  4 quokkas
  7 frilled lizards
  9 kobolds
  11 rats
202 creatures vanquished.

Vanquished Creatures (others)
  5 dream sheep (D:8)
5 creatures vanquished.

Grand Total: 207 creatures vanquished

Notes
Turn   | Place    | Note
-------+----------+-------------------------------------------
     0 | D:1      | Birdy the Vine Stalker Assassin began the quest for the
                  | Orb.
     0 | D:1      | Reached XP level 1. HP: 11/11 MP: 2/2
   227 | D:1      | Reached skill level 1 in Armour
   227 | D:1      | Reached XP level 2. HP: 10/15 MP: 3/3
   440 | D:1      | Reached XP level 3. HP: 12/18 MP: 4/4
  1249 | D:1      | Gained mutation: You passively map a small area around you.
                  | [potion of mutation]
  1249 | D:1      | Gained mutation: You have a pair of small antennae on your
                  | head. [potion of mutation]
  1373 | D:2      | Found a burning altar of Makhleb.
  1399 | D:2      | Gained mutation: Your natural rate of healing is unusually
                  | fast. [Vine Stalker growth]
  1399 | D:2      | Reached XP level 4. HP: 22/23 MP: 3/5
  1625 | D:2      | Found an ancient bone altar of Kikubaaqudgha.
  1645 | D:2      | Found an opulent altar of Gozag.
  2004 | D:2      | Found a stormy altar of Qazlal.
  2147 | D:3      | Reached XP level 5. HP: 25/26 MP: 6/6
  2914 | D:4      | Reached XP level 6. HP: 18/32 MP: 4/7
  3036 | D:4      | Reached skill level 5 in Stealth
  3062 | D:4      | Found a blossoming altar of Fedhas.
  3070 | D:4      | Reached skill level 1 in Dodging
  3415 | D:5      | Entered Level 5 of the Dungeon
  3442 | D:5      | Reached skill level 1 in Spellcasting
  3678 | D:5      | Found a staircase to the Ecumenical Temple.
  3684 | Temple   | Entered the Ecumenical Temple
  3704 | Temple   | Became a worshipper of the Wu Jian Council
  3740 | D:5      | Reached XP level 7. HP: 36/36 MP: 8/10
  3759 | D:5      | Noticed Ijyb
  3764 | D:5      | Killed Ijyb
  3764 | D:5      | Reached skill level 6 in Stealth
  3767 | D:5      | Noticed Duvessa
  3767 | D:5      | Noticed Dowan
  3782 | D:5      | Killed Dowan
  3783 | D:5      | Killed Duvessa
  3796 | D:5      | Found a transporter.
  3799 | D:5      | Noticed krigyl's ghost (novice TrHu)
  3800 | D:5      | Found a transporter.
  3845 | D:5      | Found Bizxob's Antique Armour Shop.
  4087 | D:6      | Reached skill level 7 in Stealth
  4087 | D:6      | Gained mutation: You have razor-sharp teeth. [Vine Stalker
                  | growth]
  4087 | D:6      | Reached XP level 8. HP: 34/42 MP: 10/12
  4453 | D:6      | Found a blossoming altar of Fedhas.
  4453 | D:6      | Found a faded altar of an unknown god.
  4460 | D:6      | Found a shattered altar of Ashenzari.
  4462 | D:6      | Found a faded altar of an unknown god.
  4464 | D:6      | Found a hazy altar of Hepliaklqana.
  4631 | D:7      | Reached skill level 8 in Stealth
  4666 | D:7      | Reached * piety under Wu Jian
  4748 | D:7      | Found a sparkling altar of Nemelex Xobeh.
  4798 | D:7      | Found a hide-covered altar of Uskayaw.
  4834 | D:7      | Noticed a spriggan baker
  4835 | D:7      | Killed a spriggan baker
  4835 | D:7      | Reached skill level 9 in Stealth
  5003 | D:7      | Reached XP level 9. HP: 41/46 MP: 12/16
  5170 | D:8      | Reached skill level 5 in Fighting
  5406 | D:8      | Reached skill level 10 in Stealth
  5471 | D:8      | Found a glowing golden altar of the Shining One.
  5594 | D:8      | Noticed a two-headed ogre
  5606 | D:8      | HP: 2/47 [two-headed ogre/+0 giant club (9)]
  5608 | D:8      | Killed a two-headed ogre
  5608 | D:8      | Reached skill level 5 in Spellcasting
  5611 | D:8      | Reached ** piety under Wu Jian
  5611 | D:8      | Reached skill level 11 in Stealth
  6003 | D:8      | Reached XP level 10. HP: 14/53 MP: 15/19
  6130 | D:8      | Found a shimmering altar of Xom.
  6139 | D:8      | Noticed a two-headed ogre
  6148 | D:8      | Killed a two-headed ogre
  6381 | D:5      | Reached skill level 5 in Dodging
  6392 | D:5      | Killed krigyl's ghost
  6392 | D:5      | Reached skill level 12 in Stealth
  6564 | D:9      | Noticed a necromancer
  6685 | D:9      | Killed a necromancer
  6833 | D:9      | Found a staircase to the Lair.
  7591 | D:9      | Reached skill level 13 in Stealth
  7660 | D:9      | Reached XP level 11. HP: 51/58 MP: 20/22
  7713 | D:9      | Reached *** piety under Wu Jian
  7719 | D:9      | HP: 1/58 [bullfrog (3)]
  7720 | D:9      | Succumbed to a killer bee's poison

Levels and vault maps discovered:
D:1:      dpeg_arrival_brainrot, layout_basic
D:2:      layout_basic, old_standard_altar, grunt_qazlal_clouds, bloody_makhleb,
          grunt_gozag_statues
D:3:      layout_rooms
D:4:      layout_loops_corners, fedhas_bush_and_centaur_altar
D:5:      layout_loops_ring, minmay_temple_entry_ruins, gammafunk_ghost_smash,
          serial_shops, shop, first_ration, uniq_duvessa, uniq_ijyb
D:6:      layout_cave_pools, chequers_temple_overflow_minitemple
D:7:      layout_basic, kennysheep_mini_moat, nemelex_xobeh_ov_fountains_minmay,
          the_bakery
D:8:      layout_basic, kb_xom_exploding_sheep, nicolae_tso_carved_into_rock
D:9:      layout_grid_maze, erik_lair_orcish_takeover,
          gammafunk_ghost_necromancy, kennysheep_cluttered_room,
          minmay_hedge_maze, eino_house_with_fridge
Temple:   kb_corrupted_temple

Skill      XL: |  1  2  3  4  5  6  7  8  9 10 11 |
---------------+----------------------------------+-----
Short Blades   | 2 |  2.0
Armour         | 1 2 3 4 |  4.0
Fighting       | 2 3 4 5 6 7 |  7.0
Stealth        | 5 7 9 11 13 | 13.1
Dodging        | 1 2 3 4 5 |  5.7
Spellcasting   | 1 2 4 5 6 |  6.8
Throwing       | |  1.7

Action                   |  1- 3 |  4- 6 |  7- 9 | 10-12 || total
-------------------------+-------+-------+-------+-------++-------
Melee: Dagger            |   106 |    42 |       |       ||   148
       Bite              |    18 |    37 |    64 |    57 ||   176
       Short sword       |       |   108 |   215 |   183 ||   506
Throw: Dart              |       |       |     2 |     2 ||     4
Invok: Lunge             |       |     1 |    12 |    13 ||    26
       Whirlwind         |       |       |     8 |    36 ||    44
 Abil: Wall Jump         |       |       |       |     3 ||     3
Evoke: Wand              |       |       |     1 |     6 ||     7
  Use: Scroll            |     5 |     8 |     5 |     3 ||    21
       Potion            |     2 |       |     6 |     2 ||    10
 Stab: Sleeping          |    14 |    11 |    16 |     7 ||    48
       Distracted        |       |     1 |       |     1 ||     2
       Fleeing           |       |       |     2 |       ||     2
       Paralysed         |       |       |       |     3 ||     3
  Eat: Chunk             |     2 |     6 |     7 |     6 ||    21
Armor: Robe              |    14 |       |       |       ||    14
       Leather armour    |     5 |    44 |    62 |    46 ||   157
Dodge: Dodged            |    54 |    78 |   148 |   159 ||   439

Table legend:
 A = Non-vault XP
 B = Vault XP
 C = Vault XP percentage of total XP
 D = Non-vault monster count
 E = Vault monster count
 F = Vault count percentage of total count
                 A         B        C        D         E       F
            +---------+---------+-------+---------+---------+-------
      Total |    6784 |    2816 |  29.3 |     184 |      19 |   9.4
            +---------+---------+-------+---------+---------+-------
        D:1 |      65 |       2 |   3.0 |      33 |       1 |   2.9
        D:2 |      74 |       0 |   0.0 |      21 |       0 |   0.0
        D:3 |      68 |       0 |   0.0 |      30 |       0 |   0.0
        D:4 |     160 |     115 |  41.8 |       8 |       1 |  11.1
        D:5 |     215 |    1198 |  84.8 |       9 |       6 |  40.0
        D:6 |     474 |       0 |   0.0 |      13 |       0 |   0.0
        D:7 |     823 |     211 |  20.4 |      20 |       1 |   4.8
        D:8 |    3520 |     170 |   4.6 |      27 |       1 |   3.6
        D:9 |    1385 |    1120 |  44.7 |      23 |       9 |  28.1
            +---------+---------+-------+---------+---------+-------
